 Dungeon Crawl Stone Soup version 0.23-a0-375-g66a18ee (webtiles) character file.

5981 BingusPrime the Quickloader (level 10, -4/91 HPs)
             Began as a Deep Dwarf Hunter on Oct 26, 2018.
             Was a Follower of Makhleb.
             Slain by a komodo dragon (27 damage)
             ... on level 1 of the Lair of Beasts.
             The game lasted 00:31:35 (8060 turns).

BingusPrime the Quickloader (Deep Dwarf Hunter)     Turns: 8060, Time: 00:31:36

Health: -4/91      AC:  7    Str: 16    XL:     10   Next: 55%
Magic:  17/17      EV:  9    Int: 12    God:    Makhleb [*.....]
Gold:   582        SH: 13    Dex: 18    Spells: 9/9 levels left

rFire    . . .     SeeInvis .   a - +2 hand crossbow
rCold    + + +     Gourm    .   O - +0 large shield
rNeg     . . .     Faith    .   L - +1 leather armour of the Lonely Dances {*Corrode rC+++ Regen+ Dex+2}
rPois    .         Spirit   .   s - +0 helmet
rElec    .         Reflect  .   i - scarf {repulsion}
rCorr    .         Harm     .   t - +0 pair of gloves {archery}
MR       +....                  (no boots)
Stlth    ++........             N - amulet of magic regeneration
HPRegen  0.00/turn              u - ring of protection from cold
MPRegen  0.40/turn              M - ring of magical power

@: non-regenerating, repel missiles
A: damage resistance, heal wounds, sense surroundings 2, no regeneration
a: Heal Wounds, Renounce Religion


You were on level 1 of the Lair of Beasts.
You worshipped Makhleb.
Makhleb was aware of your devotion.
You were not hungry.

You visited 3 branches of the dungeon, and saw 10 of its levels.

You collected 582 gold pieces.

Inventory:

Hand Weapons
 a - a +2 hand crossbow (weapon)
 r - the +10 dark maul {crush}
   (You found it on level 6 of the Dungeon)

   It inflicts extra damage upon your enemies.
 E - a +1 scimitar
 G - a +7 dagger
Missiles
 d - 20 bolts (quivered)
 m - 12 tomahawks
Armour
 g - a +1 pair of gloves
 i - a scarf of repulsion (worn)
 j - a +0 leather armour
 s - a +0 helmet (worn)
 t - a +0 pair of gloves of archery (worn)
 y - a +0 cloak
 z - a +2 buckler
 B - the +0 scale mail of Calculation {*Slow Regen+ rCorr SInv}
   (You took it off a gnoll on level 5 of the Dungeon)

   It lets you see invisible.
   It increases your rate of regeneration.
   It provides partial protection from all sources of acid and corrosion.
   It may slow you when you take damage.
 K - a +3 scale mail of cold resistance
 L - the +1 leather armour of the Lonely Dances (worn) {*Corrode rC+++ Regen+ Dex+2}
   (You found it on level 1 of the Lair of Beasts)

   It affects your dexterity (+2).
   It renders you almost immune to cold.
   It increases your rate of regeneration.
   It may corrode you when you take damage.
 O - a +0 large shield (worn)
Jewellery
 u - a ring of protection from cold (left hand)
 I - an uncursed ring of protection from cold
 M - a ring of magical power (right hand)
 N - an amulet of magic regeneration (around neck)
Wands
 b - a wand of scattershot (3)
Scrolls
 e - 2 scrolls of amnesia
 l - 2 scrolls of immolation
 x - 2 scrolls of remove curse
 A - 3 scrolls of fog
 D - a scroll of fear
 F - 8 scrolls of teleportation
Potions
 c - 5 potions of curing
 h - a potion of flight
 k - 3 potions of cancellation
 n - 2 potions of lignification {unknown}
 o - 2 potions of berserk rage
 p - 3 potions of heal wounds
 q - a potion of degeneration
 v - 3 potions of brilliance
 w - a potion of mutation {unknown}
 C - 2 potions of haste
 H - a potion of resistance
 J - a potion of might {unknown}
Comestibles
 f - 22 rations


   Skills:
 + Level 6.2 Fighting
 * Level 0.2(1.0) Short Blades
 - Level 1.7 Long Blades
 - Level 4.0 Maces & Flails
 * Level 13.3 Crossbows
 + Level 5.7 Armour
 + Level 3.5 Dodging
 + Level 1.7 Stealth
 + Level 2.4 Shields
 - Level 1.2 Evocations


You had 9 spell levels left.
You didn't know any spells.
Your spell library contained the following spells:

 Spells                   Type           Power        Failure   Level  Hunger
 Confusing Touch          Hex            #.....       100%        1    ##.....
 Corpse Rot               Necr           N/A          100%        2    ###....
 Sublimation of Blood     Necr           #.........   100%        2    ###....
 Confuse                  Hex            #.......     100%        3    ####...
 Gell's Gravitas          Tloc           #.........   100%        3    ####...
 Petrify                  Tmut/Erth      #.......     100%        4    #####..
 Agony                    Necr           #.......     100%        5    ######.
 Bolt of Draining         Conj/Necr      #.........   100%        5    ######.
 Dispel Undead            Necr           #.......     100%        5    ######.
 Excruciating Wounds      Chrm/Necr      #.........   100%        5    ######.
 Metabolic Englaciation   Hex/Ice        #.........   100%        5    ######.
 Yara's Violent Unravell  Hex/Tmut       #.........   100%        5    ######.


Dungeon Overview and Level Annotations

Branches:
Dungeon (8/15)             Temple (1/1) D:5            Lair (1/6) D:8

Altars:
Ashenzari
Cheibriados
Dithmenos
Elyvilon
Fedhas
Gozag
Hepliaklqana
Kikubaaqudgha
Makhleb
Nemelex Xobeh
Okawaru
Qazlal
Ru
Sif Muna
Trog
Uskayaw
Vehumet
Wu Jian
Xom
Yredelemnul
Zin
The Shining One

Annotations:
D:5 1 runed door, Zsanart's ghost, novice DsCK
Lair:1 exclusion: 2 oklob plants


Innate Abilities, Weirdness & Mutations

You are resistant to damage.
You can heal yourself by infusing magical energy.
You passively map the area around you.
You do not regenerate.


Message History

Firing (i - inventory. (/) - cycle)
d - 23 bolts (quivered)
Press: ? - help, Shift-Dir - straight line, f/p - komodo dragon
Aim: a komodo dragon (almost dead)
You shoot a bolt.
The bolt barely misses the komodo dragon.
Firing (i - inventory. (/) - cycle)
d - 22 bolts (quivered)
Press: ? - help, Shift-Dir - straight line, f/p - komodo dragon
Aim: a komodo dragon (almost dead)
You shoot a bolt.
The bolt hits the komodo dragon but does no damage.
The komodo dragon is almost dead.
The komodo dragon bites you!!
* * * LOW HITPOINT WARNING * * *
Firing (i - inventory. (/) - cycle)
d - 21 bolts (quivered)
Press: ? - help, Shift-Dir - straight line, f/p - komodo dragon
Aim: a komodo dragon (severely wounded)
You shoot a bolt. The bolt hits the komodo dragon.
The komodo dragon is almost dead.
The komodo dragon bites you!!
You die...

.......####..####.#..............
#####..+ #.#......#......###P##.
##.# ,#........#......P####.. * *
P.# ,#.#.............## ##. **#.#
P.+.............# #. , , .
,#.............# #. ,, ,
...######........# ####. # *
.................###.##.
(..(..l@................ *
.####...#P+###P.P.......
##...........P...... * ,
#.#................ , *
#.#.........P...... , *
#...........#...... *
#...######..#...... * ,
##.#.#....#..#......
..#####....#....#..#......


You could see a komodo dragon.

Vanquished Creatures
  A centaur warrior (D:8)
  An unseen horror (D:6)
  A spiny frog (Lair:1)
  A komodo dragon (D:8)
  Prince Ribbit (D:7)
  A hippogriff (D:7)
  3 hogs (D:7)
  A yak (D:7)
  A human (D:7)
  A basilisk (Lair:1)
  A wyvern (D:8)
  A water moccasin (D:4)
  A hornet zombie (D:5)
  3 sky beasts
  2 ice beasts
  2 ogres
  3 centaurs
  Blork the orc (D:6)
  6 bullfrogs
  A scorpion (D:7)
  8 wights
  2 howler monkeys
  An electric eel (D:7)
  5 crimson imps
  A centaur zombie (D:8)
  3 jellies
  A quasit (D:8)
  3 hounds
  A bullfrog skeleton (D:5)
  A centaur skeleton (D:4)
  Crazy Yiuf (D:3)
  4 iguanas
  2 orc wizards
  3 worker ants
  7 gnolls
  5 adders
  A shadow imp (D:8)
  4 oozes
  An adder skeleton (D:6)
  4 worms
  2 dart slugs
  6 leopard geckos
  17 orcs
  9 bats
  3 giant cockroaches
  9 goblins
  6 hobgoblins
  4 jackals (D:1)
  2 quokkas
  2 ball pythons
  5 frilled lizards
  7 kobolds
  2 leopard gecko skeletons
  A quokka skeleton (D:8)
  6 rats
172 creatures vanquished.

Vanquished Creatures (others)
  2 plants
2 creatures vanquished.

Grand Total: 174 creatures vanquished

Notes
Turn   | Place    | Note
-------+----------+-------------------------------------------
     0 | D:1      | BingusPrime the Deep Dwarf Hunter began the quest for the
                  | Orb.
     0 | D:1      | Reached XP level 1. HP: 19/19 MP: 1/1
   139 | D:1      | Reached XP level 2. HP: 26/26 MP: 2/2
   335 | D:1      | Reached skill level 5 in Crossbows
   523 | D:1      | Reached XP level 3. HP: 32/32 MP: 3/3
   906 | D:2      | Reached skill level 6 in Crossbows
   906 | D:2      | Reached XP level 4. HP: 37/39 MP: 4/4
  1700 | D:3      | Reached XP level 5. HP: 36/46 MP: 5/5
  2455 | D:3      | Found a runed door.
  2542 | D:3      | Noticed Crazy Yiuf
  2550 | D:3      | Killed Crazy Yiuf
  2550 | D:3      | Reached skill level 7 in Crossbows
  2750 | D:4      | Noticed an ogre
  2756 | D:4      | Killed an ogre
  2756 | D:4      | Reached skill level 1 in Armour
  2756 | D:4      | Reached XP level 6. HP: 30/55 MP: 6/6
  2949 | D:4      | Reached skill level 8 in Crossbows
  3246 | D:4      | Found a shattered altar of Ashenzari.
  3248 | D:4      | Noticed a water moccasin
  3568 | D:4      | Killed a water moccasin
  3568 | D:4      | Reached XP level 7. HP: 15/61 MP: 7/7
  3943 | D:3      | Found a sacrificial altar of Ru.
  3978 | D:5      | Entered Level 5 of the Dungeon
  3997 | D:5      | Reached skill level 9 in Crossbows
  4103 | D:5      | Noticed Zsanart's ghost (novice DsCK)
  4105 | D:5      | Found a runed door.
  4185 | D:5      | Identified the +0 scale mail of Calculation {*Slow Regen+
                  | rCorr SInv}
  4262 | D:5      | Found a staircase to the Ecumenical Temple.
  4332 | D:5      | Reached XP level 8. HP: 30/69 MP: 7/7
  4368 | Temple   | Entered the Ecumenical Temple
  4598 | Temple   | Became a worshipper of Makhleb the Destroyer
  4851 | D:6      | Reached skill level 10 in Crossbows
  5273 | D:6      | Found the +10 dark maul {crush}
  5413 | D:6      | Noticed an unseen horror
  5417 | D:6      | Killed an unseen horror
  5417 | D:6      | Reached skill level 1 in Long Blades
  5417 | D:6      | Reached skill level 11 in Crossbows
  5417 | D:6      | Gained mutation: You passively map the area around you.
                  | [Deep Dwarf growth]
  5417 | D:6      | Reached XP level 9. HP: 24/79 MP: 8/8
  5468 | D:6      | Noticed Blork the orc
  5471 | D:6      | Killed Blork the orc
  5864 | D:7      | Reached skill level 1 in Maces & Flails
  5905 | D:7      | Reached skill level 12 in Crossbows
  5949 | D:7      | Reached skill level 1 in Evocations
  5955 | D:7      | Reached skill level 5 in Fighting
  6000 | D:7      | Noticed Prince Ribbit
  6005 | D:7      | Killed Prince Ribbit
  6309 | D:7      | Reached skill level 5 in Armour
  6686 | D:8      | Reached XP level 10. HP: 38/88 MP: 9/9
  6733 | D:8      | Reached * piety under Makhleb
  6748 | D:8      | Found a staircase to the Lair.
  6822 | D:8      | Reached skill level 1 in Shields
  7108 | D:8      | Reached skill level 13 in Crossbows
  7162 | D:8      | Noticed a centaur warrior
  7169 | D:8      | Killed a centaur warrior
  7548 | Lair:1   | Entered Level 1 of the Lair of Beasts
  7619 | Lair:1   | Got a shimmering leather armour
  7630 | Lair:1   | Identified the cursed +1 leather armour of the Lonely
                  | Dances {*Corrode rC+++ Regen+ Dex+2} (You found it on level
                  | 1 of the Lair of Beasts)
  7699 | Lair:1   | Noticed an oklob plant
  7699 | Lair:1   | Noticed an oklob plant
  7863 | Lair:1   | Noticed a spiny frog
  7865 | Lair:1   | Killed a spiny frog
  8060 | Lair:1   | Slain by a komodo dragon

Vault maps used:
D:1:      lemuel_arrival_room
D:2:      first_ration, patterned_corridor
D:3:      corexii_shack_village, nicolae_overflow_hidden_temple,
          minmay_hedge_maze, uniq_crazy_yiuf_cottage
D:4:      nicolae_ashenzari_panopticon
D:5:      minmay_temple_entry_large_hall, hellmonk_ghost_happy_afterlife
D:6:      uniq_blork_the_orc
D:7:      grunt_livestock, serial_bayou_pond_b, uniq_prince_ribbit1
D:8:      david_lair_shrubbed, kennysheep_just_a_vault
Temple:   roderic_octagonal_lattice_temple
Lair:1:   minmay_lair_oklob_chamber

Skill      XL: |  1  2  3  4  5  6  7  8  9 10 |
---------------+-------------------------------+-----
Crossbows      | 5 6 7 8 9 11 12 13 | 13.3
Fighting       | 2 3 4 5 6 |  6.2
Armour         | 1 2 5 |  5.7
Long Blades    | 1 |  1.7
Dodging        | 3 |  3.5
Maces & Flails | 2 4 |  4.0
Evocations     | 1 |  1.2
Shields        | 2 |  2.4
Short Blades   | |  0.2
Stealth        | |  1.7

Action                   |  1- 3 |  4- 6 |  7- 9 | 10-12 || total
-------------------------+-------+-------+-------+-------++-------
Melee: Maul              |       |       |     3 |       ||     3
       Scimitar          |       |       |     3 |       ||     3
 Fire: Hand crossbow     |    71 |   164 |   196 |    88 ||   519
 Abil: Heal Wounds       |       |     2 |     6 |     2 ||    10
Evoke: Wand              |       |       |     2 |       ||     2
  Use: Scroll            |     5 |     3 |     7 |     8 ||    23
  Eat: Chunk             |       |     8 |     2 |     2 ||    12
       Ration            |       |       |     2 |     1 ||     3
Armor: Leather armour    |    13 |    11 |     1 |       ||    25
       Scale mail        |       |       |    17 |     7 ||    24
Dodge: Dodged            |    20 |    40 |    30 |    12 ||   102
Block: Buckler           |       |       |    12 |     6 ||    18

Table legend:
 A = Non-vault XP
 B = Vault XP
 C = Vault XP percentage of total XP
 D = Non-vault monster count
 E = Vault monster count
 F = Vault count percentage of total count
                 A         B        C        D         E       F
            +---------+---------+-------+---------+---------+-------
      Total |    5844 |    2701 |  31.6 |     154 |      18 |  10.5
            +---------+---------+-------+---------+---------+-------
        D:1 |      54 |       0 |   0.0 |      26 |       0 |   0.0
        D:2 |     111 |       0 |   0.0 |      23 |       0 |   0.0
        D:3 |      82 |      54 |  39.7 |      17 |       7 |  29.2
        D:4 |     549 |       0 |   0.0 |      19 |       0 |   0.0
        D:5 |     598 |       0 |   0.0 |      12 |       0 |   0.0
        D:6 |    1534 |      94 |   5.8 |      16 |       1 |   5.9
        D:7 |    1179 |    1257 |  51.6 |      16 |       8 |  33.3
        D:8 |    1147 |    1296 |  53.0 |      23 |       2 |   8.0
     Lair:1 |     590 |       0 |   0.0 |       2 |       0 |   0.0
            +---------+---------+-------+---------+---------+-------
